AoeStats
← LC Ruben9

Black Forest

505920189Analyzed
4v4 RM · 22d ago on Sep 11, 2026· 50m 13s· 8 players
Game mode
Random Map
Map size
Large (8 player)
Population
200
Speed
Normal
Resources
Standard
Victory
Conquest
Starting age
Dark Age
Ending age
Imperial Age
RankedLock teamsTeams togetherTeam positionsShared explorationLock speedFull tech treeHidden civsTurbo modeCheats
Victory
Defeat
🇨🇳 Persians · China
1140
+14
🇨🇳 Britons · China
1091
+16
🇫🇷 Vietnamese · France
1076
+16
🇨🇳 Spanish · China
1070
+17
🇪🇸 Malay · Spain
1140
-18
🇪🇸 Magyars · Spain
1092
-16
🇪🇸 Inca · Spain
1077
-15
🇪🇸 Burgundians · Spain
1044
-14
Maxouel
8:49 Loom
11:23 Feudal Age
12:53 Town Watch
15:35 Castle Age
13:56 Double-Bit Axe
14:39 Horse Collar
17:16 Heavy Plow
17:32 Bow Saw
18:01 Wheelbarrow
26:23 Hand Cart
26:26 Caravan
26:36 Man-at-Arms
27:31 Long Swordsman
28:24 Scale Mail Armor
28:35 Forging
29:33 Chain Mail Armor
32:00 Imperial Age
31:40 Ballistics
31:16 Murder Holes
33:18 Paper Money
33:00 Chatras
33:11 Town Patrol
33:03 Gold Mining
33:06 Stone Mining
33:48 Crop Rotation
34:21 Two-Man Saw
33:35 Husbandry
33:45 Bloodlines
35:04 Chemistry
34:50 Scale Barding Armor
35:07 Elite Battle Elephant
36:04 Bloodlines
37:09 Iron Casting
38:48 Plate Mail Armor
38:39 Chain Barding Armor
40:35 Crossbowman
41:21 Thumb Ring
41:12 Arbalester
42:02 Pikeman
42:43 Squires
43:30 Fletching
43:40 Padded Archer Armor
44:16 Plate Barding Armor
43:10 Halberdier
44:50 Bodkin Arrow
45:10 Leather Archer Armor
Ds
10:38 Feudal Age
12:17 Wheelbarrow
14:24 Castle Age
13:53 Double-Bit Axe
16:48 Bow Saw
20:45 Bow Saw
20:52 Horse Collar
21:19 Gold Mining
22:30 Hand Cart
23:17 Heavy Plow
23:49 Stone Mining
27:17 Gold Shaft Mining
27:19 Stone Shaft Mining
27:51 Scale Barding Armor
27:56 Forging
30:21 Imperial Age
28:33 Loom
31:38 Two-Man Saw
31:15 Crop Rotation
31:10 Chain Barding Armor
31:25 Iron Casting
31:16 Conscription
30:59 Elite War Elephant
36:35 Hoardings
37:05 Blast Furnace
36:40 Plate Barding Armor
36:20 Bloodlines
36:10 Husbandry
39:03 Fletching
39:28 Citadels
41:14 Town Watch
41:46 Bodkin Arrow
41:59 Caravan
43:09 Devotion
45:34 Coinage
45:15 Guilds
Dio
1:53 Loom
12:59 Feudal Age
17:53 Castle Age
16:46 Double-Bit Axe
16:55 Horse Collar
19:29 Bow Saw
25:17 Heavy Plow
26:16 Wheelbarrow
26:00 Gold Mining
31:28 Imperial Age
29:52 Gold Shaft Mining
29:51 Fletching
30:02 Padded Archer Armor
30:47 Bodkin Arrow
30:47 Treadmill Crane
31:31 Hand Cart
31:18 Stone Mining
33:19 Ballistics
34:50 Yeomen
35:17 Conscription
36:24 Warwolf
36:46 Siege Engineers
36:33 Guard Tower
36:28 Arrowslits
38:44 Two-Man Saw
38:50 Chemistry
38:37 Caravan
38:53 Elite Longbowman
41:37 Crossbowman
42:19 Bracer
42:34 Leather Archer Armor
44:42 Arbalester
49:41 Hoardings
50:47 Coinage
咬不断的痰
13:06 Feudal Age
11:45 Loom
17:58 Castle Age
17:47 Double-Bit Axe
20:28 Scale Barding Armor
21:00 Bow Saw
22:46 Horse Collar
25:15 Gold Mining
25:23 Fletching
26:28 Wheelbarrow
40:37 Chain Barding Armor
40:18 Padded Archer Armor
40:13 Bodkin Arrow
41:46 Hand Cart
46:16 Ballistics
46:17 Leather Archer Armor
48:51 Forging
51:12 Iron Casting
LC Rawzixx
0:40 Loom
12:49 Feudal Age
12:14 Horse Collar
18:42 Castle Age
17:09 Double-Bit Axe
17:31 Heavy Plow
18:55 Bow Saw
21:49 Two-Man Saw
21:28 Crop Rotation
21:55 Wheelbarrow
22:52 Hand Cart
23:03 Stone Mining
23:05 Gold Mining
24:47 Stone Shaft Mining
25:14 Gold Shaft Mining
26:33 Guilds
26:24 Caravan
26:46 Padded Archer Armor
26:57 Forging
26:52 Scale Barding Armor
27:54 Husbandry
27:15 Cavalier
29:32 Leather Archer Armor
29:53 Iron Casting
29:49 Chain Barding Armor
29:36 Town Watch
33:16 Imperial Age
32:31 Murder Holes
32:57 Ballistics
33:10 Burgundian Vineyards
33:22 Paladin
35:08 Blast Furnace
34:44 Plate Barding Armor
35:16 Chemistry
35:49 Conscription
LC Ruben9
0:28 Loom
16:02 Feudal Age
22:17 Castle Age
20:43 Double-Bit Axe
20:40 Horse Collar
23:41 Wheelbarrow
23:05 Champi Runner
27:23 Town Watch
29:08 Champi Warrior
30:33 Heavy Plow
30:46 Bow Saw
30:37 Heavy Plow
30:39 Gold Mining
32:16 Scale Mail Armor
32:39 Forging
36:43 Imperial Age
34:33 Pikeman
37:43 Iron Casting
38:16 Conscription
38:37 Elite Champi Warrior
39:04 Arson
39:20 Squires
41:48 Conscription
Tarifa2647
0:28 Loom
13:26 Feudal Age
14:29 Double-Bit Axe
14:30 Horse Collar
15:35 Gold Mining
21:13 Castle Age
20:18 Bloodlines
21:53 Scale Barding Armor
21:55 Heavy Plow
22:08 Bow Saw
21:32 Light Cavalry
23:47 Husbandry
25:45 Wheelbarrow
33:21 Chain Barding Armor
32:53 Fletching
33:04 Padded Archer Armor
33:27 Stone Mining
34:19 Gold Shaft Mining
34:20 Hand Cart
33:54 Town Watch
36:59 Imperial Age
34:51 Corvinian Army
35:29 Bodkin Arrow
38:00 Conscription
37:06 Elite Magyar Huszar
40:52 Plate Barding Armor
42:02 Two-Man Saw
41:53 Crop Rotation
45:28 Scale Mail Armor
45:29 Bracer
HVD Uplift9
8:51 Loom
15:42 Feudal Age
19:39 Castle Age
17:28 Double-Bit Axe
23:58 Bow Saw
23:30 Horse Collar
28:49 Squires
28:34 Arson
35:41 Forging
42:44 Imperial Age
44:05 Wheelbarrow
46:20 Chemistry
45:41 Ballistics
45:02 Elite Skirmisher
45:49 Fletching
46:00 Padded Archer Armor
47:25 Bodkin Arrow
47:45 Leather Archer Armor
48:49 Bracer
Connection lost

Rejoining the realm…

Still unreachable

The connection could not be restored.

Session expired

The server has moved on; the page needs a fresh start.